 Dungeon Crawl Stone Soup version 0.29-a0-22-gbf593b16ee (webtiles) character file.

Game seed: 7237142437786682140

96 enile the Skirmisher (level 4, -6/45 HPs)
             Began as an Ogre Venom Mage on Jan 29, 2022.
             Was a Believer of Makhleb.
             Mangled by a phantom (7 damage)
             ... on level 4 of the Dungeon.
             The game lasted 00:05:50 (3157 turns).

enile the Skirmisher (Ogre Venom Mage)              Turns: 3157, Time: 00:05:51

Health: -6/45      AC:  3    Str: 12    XL:     4   Next: 67%
Magic:  8/8        EV:  9    Int: 18    God:    Makhleb [**....]
Gold:   159        SH:  0    Dex:  9    Spells: 6/9 levels left

rFire   . . .      SeeInvis .   p - +1 falchion (pain)
rCold   . . .      Faith    .   (no shield)
rNeg    . . .      Spirit   .   a - +0 robe
rPois   .          Reflect  .   (helmet restricted)
rElec   .          Harm     .   (no cloak)
rCorr   .          Rampage  .   (gloves unavailable)
Will    .....                   (boots unavailable)
Stlth   ++........              (no amulet)
HPRegen 0.15/turn               (no ring)
MPRegen 0.11/turn               (no ring)

@: mighty
A: large, unfitting armour, tough skin 1
a: Renounce Religion, Minor Destruction


You were on level 4 of the Dungeon.
You worshipped Makhleb.
Makhleb was pleased with you.
You visited 1 branch of the dungeon, and saw 4 of its levels.

You collected 159 gold pieces.

Inventory:

Hand Weapons
 b - a +2 dagger of speed
 j - a +2 dagger of venom
 p - a +1 falchion of pain (weapon)
Missiles
 g - 3 javelins
Armour
 a - a +0 robe (worn)
Jewellery
 d - a +4 ring of evasion
Wands
 r - a wand of iceblast (8)
Scrolls
 e - a scroll of magic mapping
 i - a scroll of vulnerability
 o - a scroll of blinking {unknown}
 q - a scroll of enchant armour {unknown}
Potions
 f - a potion of curing {unknown}
 l - 2 potions of haste {unknown}
 m - a potion of brilliance {unknown}
 n - a potion of might


   Skills:
 + Level 3.4 Fighting
 - Level 1.9 Dodging
 - Level 1.8 Stealth
 - Level 3.0 Spellcasting
 - Level 1.5 Transmutations
 - Level 3.0 Poison Magic


You had 6 spell levels left.
You knew the following spells:

 Your Spells              Type           Power      Damage    Failure   Level
a - Sting                 Tmut/Pois      44%        1d5       6%          1
b - Poisonous Vapours     Pois/Air       16%        N/A       13%         2

Your spell library contained the following spells:

 Spells                   Type           Power      Damage    Failure   Level
 Mephitic Cloud           Conj/Pois/Air  6%         N/A       32%         3
 Olgreb's Toxic Radiance  Pois           13%        N/A       43%         4


Dungeon Overview and Level Annotations

Branches:
Dungeon (4/15)
 Temple: D:4-7

Altars:
Makhleb

Shops:
D:1 =


Innate Abilities, Weirdness & Mutations

You are too large for most types of armour.
You have tough skin. (AC +1)


Message History

The phantom blinks!
You blink.
Okay, then.
As you read the scroll labelled EROEPSOSOL, it crumbles to dust.
A profound silence engulfs you.
It was a scroll of silence.
The phantom hits you but does no damage.
There is a stone staircase leading up here.
You hit the phantom.
The phantom is moderately damaged.
The phantom barely misses you.
You hit the phantom but do no damage.
The phantom is moderately damaged.
The phantom closely misses you. The phantom hits you.
The phantom blinks!
You blink.
You closely miss the phantom.
The phantom is moderately damaged.
The phantom hits you!
* * * LOW HITPOINT WARNING * * *
Okay, then.
It was a potion of cancellation.
Your magical effects are unravelling.
You feel magically purged.
Your hearing returns.
The phantom hits you.
* * * LOW HITPOINT WARNING * * *
The phantom blinks!
You blink.
It was a potion of might.
You feel very mighty all of a sudden. The phantom closely misses you.
You slash the phantom!
The phantom is almost destroyed.
The phantom hits you but does no damage.
You barely miss the phantom.
The phantom is almost destroyed.
The phantom completely misses you.
You barely miss the phantom.
The phantom is almost destroyed.
The phantom hits you.
* * * LOW HITPOINT WARNING * * *
The phantom hits you!
You die...

#.. #.# #(# ...
#. #.# ... #.
#.# ......#.#
#.####
#.....#.#
#<...# #....#.#
#.##.# #.......
#W@# #
#!.....###.##
#...........#
###.#...##..#.#
#.........#
#..########
#<.. #..## #..#


You could see a phantom.

Vanquished Creatures
  2 adders
  2 dart slugs
  12 orcs (D:3)
  5 ball pythons
  4 bats
  5 endoplasms
  8 goblins
  6 hobgoblins
  3 quokkas
  5 frilled lizards
  2 kobolds
  2 rats
  A butterfly (D:1)
57 creatures vanquished.

Notes
Turn   | Place    | Note
-------+----------+-------------------------------------------
     0 | D:1      | enile the Ogre Venom Mage began the quest for the Orb.
     0 | D:1      | Reached XP level 1. HP: 16/16 MP: 3/3
   143 | D:1      | Reached skill level 1 in Transmutations
   300 | D:1      | Reached XP level 2. HP: 20/24 MP: 3/5
   777 | D:1      | Found Vyonuk's Jewellery Emporium.
   895 | D:1      | Reached XP level 3. HP: 23/32 MP: 7/7
   914 | D:1      | Learned a level 2 spell: Poisonous Vapours
  1073 | D:1      | Found a faded altar of an unknown god.
  1086 | D:1      | Prayed at the altar of an unknown god.
  1086 | D:1      | Became a worshipper of Makhleb the Destroyer
  1086 | D:1      | Reached * piety under Makhleb
  1226 | D:2      | Reached skill level 1 in Fighting
  2056 | D:3      | Reached XP level 4. HP: 42/42 MP: 3/8
  2800 | D:3      | Reached ** piety under Makhleb
  3077 | D:4      | Noticed a phantom
  3157 | D:4      | HP: 1/45 [phantom (5)]
  3157 | D:4      | Mangled by a phantom

Illustrated notes

Levels and vault maps discovered:
D:1:      dpeg_arrival_pits, layout_loops_ring,
          chequers_ecumenical_altar_simple, serial_shops, shop,
          minmay_crystal_room, serial_bayou_pond_c, hangedman_glass_garden
D:2:      layout_rooms, serial_park_tiny_pond, serial_park_tiny_2
D:3:      layout_loops_cross
D:4:      layout_basic, gammafunk_ghost_arena

Skill      XL: |  1  2  3  4 |
---------------+-------------+-----
Transmutations | 1 |  1.5
Poison Magic   | 3 |  3.0
Fighting       | 2 3 |  3.4
Spellcasting   | 3 |  3.0
Dodging        | |  1.9
Stealth        | |  1.8

Action                   |  1- 3 |  4- 6 || total
-------------------------+-------+-------++-------
Melee: Dagger            |    44 |     8 ||    52
       Unarmed           |     7 |       ||     7
       Falchion          |       |    32 ||    32
 Cast: Sting             |    31 |    16 ||    47
       Poisonous Vapours |    21 |    13 ||    34
Invok: Minor Destruction |       |     1 ||     1
  Use: Scroll            |       |     3 ||     3
       Potion            |       |     2 ||     2
 Stab: Sleeping          |     1 |       ||     1
Armor: Robe              |    10 |    10 ||    20
Dodge: Dodged            |    26 |    15 ||    41

Table legend: (Time is in decaauts)
 A = Elapsed time spent in this place.
 B = Non-inter-level travel time spent in this place.
 C = Inter-level travel time spent in this place.
 D = Time resting spent in this place.
 E = Time spent auto-exploring this place.
 F = Levels seen in this place.
 G = Mean time per level.
                   A        B        C        D        E       F      G
               +--------+--------+--------+--------+--------+-----+--------+
         Total |   3163 |   3069 |     94 |      0 |   2630 |   4 |  790.8 |
       Dungeon |   3163 |   3069 |     94 |      0 |   2630 |   4 |  790.8 |
               +--------+--------+--------+--------+--------+-----+--------+

Top non-repeatable levels by time:
     D:1: 1200 daAuts
     D:3: 1091 daAuts
     D:2: 842 daAuts
     D:4: 29 daAuts
